 Dungeon Crawl Stone Soup version 0.29-a0-330-g52719c12eb (webtiles) character file.

Game seed: 8777268451086844122

88 kae the Firebug (level 4, -1/28 HPs)
             Began as an Octopode Fire Elementalist on Apr 16, 2022.
             Slain by Grinder (2 damage)
             ... while paralysed by Grinder
             ... on level 3 of the Dungeon.
             The game lasted 00:01:54 (3038 turns).

kae the Firebug (Octopode Fire Elementalist)        Turns: 3038, Time: 00:01:54

Health: -1/28      AC:  1    Str:  7    XL:     4   Next: 53%
Magic:  3/16       EV:  2    Int: 19    God:
Gold:   142        SH:  0    Dex: 18    Spells: 1/7 levels left

rFire   . . .      SeeInvis .   c - +1 whip
rCold   . . .      Faith    .   (no shield)
rNeg    . . .      Spirit   .   (helmet restricted)
rPois   .          Reflect  .   (no amulet)
rElec   .          Harm     .   g - ring of magical power
rCorr   .          Rampage  .   k - +6 ring of dexterity
Will    .....                   l - +4 ring of slaying
Stlth   ++++......              (no ring)
HPRegen 0.09/turn               (no ring)
MPRegen 0.15/turn               (no ring)
                                (no ring)
                                (no ring)

@: paralysed
A: almost no armour, amphibious, 8 rings, camouflage 1, gelatinous body 1,
(nimble swimmer 1), tentacles
a: no special abilities


You were on level 3 of the Dungeon.
You visited 1 branch of the dungeon, and saw 3 of its levels.

You collected 142 gold pieces.

Inventory:

Hand Weapons
 c - a +1 whip (weapon)
Jewellery
 g - a ring of magical power (left tentacle)
 k - a +6 ring of dexterity (right tentacle)
 l - a +4 ring of slaying (on tentacle)
Scrolls
 b - a scroll of blinking
 d - a scroll of enchant armour
 e - 3 scrolls of identify
 i - a scroll of enchant weapon
Potions
 a - a potion of magic
 f - a potion of brilliance
 j - a potion of degeneration {unknown}
 m - a potion of attraction {unknown}


   Skills:
 + Level 1.2 Fighting
 + Level 2.4 Dodging
 + Level 3.5 Stealth
 + Level 2.4 Spellcasting
 + Level 1.5 Conjurations
 * Level 3.8 Fire Magic


You had one spell level left.
You knew the following spells:

 Your Spells              Type           Power      Damage    Failure   Level
a - Foxfire               Conj/Fire      48%        2x1d6     5%          1
b - Scorch                Fire           34%        2d7       4%          2
c - Conjure Flame         Conj/Fire      12%        6-21      16%         3

Your spell library contained the following spells:

 Spells                   Type           Power      Damage    Failure   Level
 Inner Flame              Hex/Fire       9%         N/A       22%         3
 Gell's Gravitas          Tloc           2%         N/A       43%         3
 Lesser Beckoning         Tloc           2%         N/A       43%         3
 Teleport Other           Tloc           2%         N/A       43%         3
 Flame Wave               Conj/Fire      12%        2d6       47%         4


Dungeon Overview and Level Annotations

Branches:
Dungeon (3/15)

Altars:

Annotations:
D:3 Grinder


Innate Abilities, Weirdness & Mutations

You cannot wear most types of armour.
You are amphibious.
You can wear up to eight rings at the same time.
Your skin changes colour to match your surroundings (Stealth+).
Your rubbery body absorbs attacks. (AC +1, EV +1)
((You are camouflaged when in or above water. (Stealth+)))
You have tentacles for arms and can constrict up to eight enemies at once.


Message History

You flicker back into view.
The foxfire hits Grinder.
Grinder is severely wounded.
Grinder gestures at you.
You suddenly lose the ability to move!
Grinder blinks!
Your magical contamination has completely faded away.
Grinder gestures at you.
You barely resist.
You can move again.
Unknown command.
Casting: Foxfire (safe; 5% risk of failure)
Confirm with . or Enter, or press ? or * to list all spells.
You conjure some foxfire!
The foxfire hits Grinder.
Grinder is severely wounded.
Casting: Foxfire (safe; 5% risk of failure)
Confirm with . or Enter, or press ? or * to list all spells.
You conjure some foxfire!
The foxfire hits Grinder.
Grinder is severely wounded.
Casting: Foxfire (safe; 5% risk of failure)
Confirm with . or Enter, or press ? or * to list all spells.
Flames lash Grinder.
Grinder is almost dead.
Grinder's fire resistance burns away.
Grinder gestures at you. You resist with significant effort.
Grinder gestures at you. Pain shoots through your body!
Casting: Scorch (safe; 4% risk of failure)
Confirm with . or Enter, or press ? or * to list all spells.
Flames lash Grinder.
Grinder is almost dead.
Grinder hits you.
You writhe in agony.
Grinder gestures at you.
You suddenly lose the ability to move!
Grinder hits you!
* * * LOW HITPOINT WARNING * * *
You writhe in agony.
You die...

#.†
#)#
#.#
#.#
#.#
#.#
#5#
#@#
#.#
#.#
#.#
#.#
#.#
#.#
#.#
#.#


You could see Grinder (combustible).

Vanquished Creatures
  3 adders
  6 dart slugs
  An orc (D:3)
  8 ball pythons
  2 bats (D:2)
  2 endoplasms
  2 giant cockroaches
  4 goblins
  2 hobgoblins
  4 jackals (D:1)
  3 frilled lizards
  7 kobolds
  2 rats (D:2)
46 creatures vanquished.

Vanquished Creatures (others)
  124 foxfires
124 creatures vanquished.

Grand Total: 170 creatures vanquished

Notes
Turn   | Place    | Note
-------+----------+-------------------------------------------
     0 | D:1      | kae the Octopode Fire Elementalist began the quest for the
                  | Orb.
     0 | D:1      | Reached XP level 1. HP: 11/11 MP: 3/3
   349 | D:1      | Reached XP level 2. HP: 18/18 MP: 1/5
   486 | D:1      | Found a faded altar of an unknown god.
   856 | D:1      | Reached XP level 3. HP: 22/22 MP: 4/6
  1814 | D:2      | Learned a level 2 spell: Scorch
  1818 | D:2      | Learned a level 3 spell: Conjure Flame
  1950 | D:2      | Reached skill level 1 in Fighting
  2219 | D:2      | Reached XP level 4. HP: 22/28 MP: 7/7
  2990 | D:3      | Noticed Grinder
  3023 | D:3      | Paralysed by Grinder for 7 turns
  3037 | D:3      | Paralysed by Grinder for 3 turns
  3038 | D:3      | HP: 1/28 [Grinder (8)]
  3038 | D:3      | Slain by Grinder

Illustrated notes

Levels and vault maps discovered:
D:1:      lightli_arrival_noodles, layout_loops_corners,
          hellmonk_ecumenical_altar_zigzags
D:2:      layout_basic, serial_glass, glass_columns_c, glass_columns_a,
          due_unseen_surprise
D:3:      layout_loops_ring, cheibrodos_ashenzari_chains,
          mainiacjoe_overflow_alcove_4, minmay_misc_feat_enclosed, st_stairs_9,
          uniq_grinder

Skill      XL: |  1  2  3 |
---------------+----------+-----
Stealth        | 3 |  3.5
Fighting       | 1 |  1.2
Dodging        | |  2.4
Spellcasting   | |  2.4
Conjurations   | |  1.5
Fire Magic     | |  3.8

Action                   |  1- 3 |  4- 6 || total
-------------------------+-------+-------++-------
Melee: Unarmed           |     2 |       ||     2
       Constrict         |    13 |       ||    13
       Whip              |    32 |     2 ||    34
       Tentacles         |     4 |       ||     4
       Punch             |     1 |       ||     1
 Cast: Foxfire           |    55 |    29 ||    84
       Scorch            |       |     6 ||     6
  Use: Scroll            |       |     9 ||     9
       Potion            |       |     1 ||     1
 Stab: Sleeping          |     3 |     1 ||     4
Armor: Skin              |     4 |     1 ||     5
Dodge: Dodged            |    28 |     7 ||    35

Table legend: (Time is in decaauts)
 A = Elapsed time spent in this place.
 B = Non-inter-level travel time spent in this place.
 C = Inter-level travel time spent in this place.
 D = Time resting spent in this place.
 E = Time spent auto-exploring this place.
 F = Levels seen in this place.
 G = Mean time per level.
                   A        B        C        D        E       F      G
               +--------+--------+--------+--------+--------+-----+--------+
         Total |   3038 |   2976 |     62 |    100 |   2494 |   3 | 1012.7 |
       Dungeon |   3038 |   2976 |     62 |    100 |   2494 |   3 | 1012.7 |
               +--------+--------+--------+--------+--------+-----+--------+

Top non-repeatable levels by time:
     D:1: 1640 daAuts
     D:2: 1034 daAuts
     D:3: 363 daAuts
